[Event "VI Floripa Open 2020"]
[Site "Florianopolis"]
[Date "2020.01.20"]
[Round "1.31"]
[White "Abdalla, Luiz Guilherme Aurel"]
[Black "Cardoso Junior, Cicero Assuncao"]
[Result "1-0"]
[ECO "D37"]
[WhiteElo "2248"]
[BlackElo "1920"]
[Annotator "ChessBase"]
[PlyCount "87"]
[EventDate "2020.01.20"]
[EventType "swiss"]
[EventRounds "10"]
[EventCountry "BRA"]
[SourceTitle "playchess.com"]
[Source "ChessBase"]
[SourceQuality "1"]
[TimeControl "5400+30"]

1. d4 Nf6 2. c4 e6 3. Nc3 d5 4. Nf3 Be7 5. Bf4 O-O 6. e3 c5 7. dxc5 Bxc5 8. Qc2 Qa5 9. Rd1 Bb4 10. Bd3 Bxc3+ 11. bxc3 dxc4 12. Bxc4 b6 13. Bd6 Re8 14. Bb4 Qh5 15. Nd4 Ba6 16. Be2 Bxe2 17. Qxe2 Qg5 18. O-O Nd5 19. e4 Nf4 20. Qf3 Na6 21. Bd6 Ng6 22. Qe2 Nc5 23. f4 Qf6 24. e5 Qh4 25. g3 Qh3 26. Bxc5 bxc5 27. Nb5 h5 28. Nc7 h4 29. Qg2 Qxg2+ 30. Kxg2 hxg3 31. hxg3 Ne7 32. Nxe8 Rxe8 33. Rd7 Nd5 34. Rb1 Nxc3 35. Rbb7 Rf8 36. Rxa7 Nd5 37. Ra5 c4 38. Rda7 g6 39. Ra8 Kg7 40. Rxf8 Kxf8 41. Rc5 c3 42. a4 Ke8 43. a5 Kd8 44. a6 1-0

[Event "VI Floripa Open 2020"]
[Site "Florianopolis"]
[Date "2020.01.20"]
[Round "1.32"]
[White "Soares, Gustavo Henrique"]
[Black "Miguel, Gabriel Carvalho Mor"]
[Result "0-1"]
[ECO "A45"]
[WhiteElo "1914"]
[BlackElo "2245"]
[Annotator "ChessBase"]
[PlyCount "102"]
[EventDate "2020.01.20"]
[EventType "swiss"]
[EventRounds "10"]
[EventCountry "BRA"]
[SourceTitle "playchess.com"]
[Source "ChessBase"]
[SourceQuality "1"]
[TimeControl "5400+30"]

1. d4 Nf6 2. Bg5 e6 3. e4 h6 4. Bxf6 Qxf6 5. c3 d6 6. f4 Qxf4 7. Bd3 g6 8. Ne2 Qh4+ 9. g3 Qe7 10. O-O Bg7 11. Nf4 O-O 12. Nd2 e5 13. Nd5 Qd8 14. dxe5 dxe5 15. Qe2 Be6 16. Ne3 Nd7 17. Bc4 Qe7 18. Bxe6 Qxe6 19. Nd5 Nf6 20. Ne3 Rad8 21. Rf2 Rxd2 22. Qxd2 Nxe4 23. Qd3 Nxf2 24. Kxf2 Qf6+ 25. Ke2 Rd8 26. Nd5 Qe6 27. Rd1 Kh8 28. Qc4 c6 29. Ne3 Qxc4+ 30. Nxc4 Rxd1 31. Kxd1 b5 32. Na5 c5 33. Nb7 Bf8 34. Nd8 f6 35. Ke2 e4 36. Nc6 a6 37. Nb8 Bd6 38. Nxa6 Kg7 39. Ke3 f5 40. b4 cxb4 41. Nxb4 Bxb4 42. cxb4 Kf6 43. Kd4 Ke6 44. h4 Kd6 45. a3 Ke6 46. g4 h5 47. g5 Kd6 48. Ke3 Ke5 49. Ke2 Kd4 50. Kd2 f4 51. Ke2 Kc4 0-1

[Event "VI Floripa Open 2020"]
[Site "Florianopolis"]
[Date "2020.01.20"]
[Round "1.33"]
[White "Zallio, Luciano de Souza"]
[Black "Andrade, Guilherme A. De Souz"]
[Result "1-0"]
[ECO "D00"]
[WhiteElo "2245"]
[BlackElo "1913"]
[Annotator "ChessBase"]
[PlyCount "77"]
[EventDate "2020.01.20"]
[EventType "swiss"]
[EventRounds "10"]
[EventCountry "BRA"]
[SourceTitle "playchess.com"]
[Source "ChessBase"]
[SourceQuality "1"]
[TimeControl "5400+30"]

1. d4 d5 2. Bg5 c6 3. c3 Bf5 4. Nd2 Nd7 5. e3 Ngf6 6. Be2 e6 7. h4 h5 8. b4 Qc7 9. Ngf3 Bd6 10. Rc1 Bg6 11. a4 Ne4 12. g3 Bxg3 13. Nxe4 dxe4 14. Nd2 f6 15. Rg1 Bxf2+ 16. Kxf2 fxg5 17. Kg2 g4 18. Qc2 O-O 19. Rcf1 Nf6 20. Nc4 Nd5 21. Qd2 Rxf1 22. Rxf1 Qe7 23. Kg3 Bf5 24. Ne5 Rf8 25. Bc4 Nb6 26. a5 Nd7 27. Nxd7 Qxd7 28. Qf2 Qd6+ 29. Qf4 Qxf4+ 30. Kxf4 Bh7+ 31. Ke5 Rxf1 32. Bxf1 Kf7 33. a6 b6 34. Kd6 g5 35. Kxc6 Ke7 36. Kb7 Kd8 37. Kxa7 Kc7 38. b5 gxh4 39. c4 1-0

[Event "VI Floripa Open 2020"]
[Site "Florianopolis"]
[Date "2020.01.20"]
[Round "1.34"]
[White "Tomiello, Mateus Costamilan"]
[Black "Larrea, Manuel"]
[Result "0-1"]
[ECO "B64"]
[WhiteElo "1912"]
[BlackElo "2235"]
[Annotator "ChessBase"]
[PlyCount "92"]
[EventDate "2020.01.20"]
[EventType "swiss"]
[EventRounds "10"]
[EventCountry "BRA"]
[SourceTitle "playchess.com"]
[Source "ChessBase"]
[SourceQuality "1"]
[TimeControl "5400+30"]

1. e4 c5 2. Nf3 Nc6 3. d4 cxd4 4. Nxd4 Nf6 5. Nc3 d6 6. Bg5 e6 7. Qd2 Be7 8. O-O-O O-O 9. f4 h6 10. Bh4 e5 11. Nf5 Bxf5 12. exf5 exf4 13. Qxf4 d5 14. Kb1 d4 15. Bxf6 Bxf6 16. Ne4 Be5 17. Qf3 Rc8 18. Bd3 Nb4 19. f6 g6 20. h4 Qd5 21. b3 Qa5 22. a4 Nxd3 23. Rxd3 Qc7 24. Rd2 Bf4 25. Re2 Rfe8 26. h5 g5 27. Rhe1 Re6 28. Qd3 Be3 29. Nf2 Qf4 30. Nd1 Rce8 31. Qb5 Qxf6 32. Qxb7 R6e7 33. Qf3 Qb6 34. Ka2 Re6 35. Nb2 Rc8 36. Rf1 Re7 37. Qf5 Rc5 38. Qd3 Rec7 39. Nc4 Rxc4 40. bxc4 Rb7 41. Qa3 Qa6 42. Rxe3 dxe3 43. Rb1 Qxc4+ 44. Ka1 Rxb1+ 45. Kxb1 Qf1+ 46. Qc1 e2 0-1

[Event "VI Floripa Open 2020"]
[Site "Florianopolis"]
[Date "2020.01.20"]
[Round "1.35"]
[White "Terao, Juliana Sayumi"]
[Black "Cerrato, Alex"]
[Result "1-0"]
[ECO "C45"]
[WhiteElo "2232"]
[BlackElo "1911"]
[Annotator "ChessBase"]
[PlyCount "39"]
[EventDate "2020.01.20"]
[EventType "swiss"]
[EventRounds "10"]
[EventCountry "BRA"]
[SourceTitle "playchess.com"]
[Source "ChessBase"]
[SourceQuality "1"]
[TimeControl "5400+30"]

1. e4 Nc6 2. d4 e5 3. Nf3 exd4 4. Nxd4 Bc5 5. Nb3 Bb6 6. Nc3 Nf6 7. Bg5 h6 8. Bh4 d6 9. Bb5 Bd7 10. Qe2 g5 11. Bg3 Qe7 12. O-O-O O-O-O 13. Rhe1 Rhe8 14. Kb1 a6 15. Bxa6 bxa6 16. Qxa6+ Kb8 17. Bxd6 cxd6 18. Qxb6+ Ka8 19. Nb5 Rc8 20. Rd4 1-0

[Event "VI Floripa Open 2020"]
[Site "Florianopolis"]
[Date "2020.01.20"]
[Round "1.36"]
[White "Gamarra, Ramon"]
[Black "Guimaraes, Wagner Peixoto"]
[Result "0-1"]
[ECO "D76"]
[WhiteElo "1904"]
[BlackElo "2230"]
[Annotator "ChessBase"]
[PlyCount "115"]
[EventDate "2020.01.20"]
[EventType "swiss"]
[EventRounds "10"]
[EventCountry "BRA"]
[SourceTitle "playchess.com"]
[Source "ChessBase"]
[SourceQuality "1"]
[TimeControl "5400+30"]

1. c4 Nf6 2. Nc3 g6 3. g3 d5 4. cxd5 Nxd5 5. Bg2 Nb6 6. Nf3 Bg7 7. O-O O-O 8. d4 Nc6 9. e3 e5 10. dxe5 Nxe5 11. Nxe5 Bxe5 12. Qe2 c6 13. e4 Be6 14. Rd1 Qe7 15. Be3 Nc4 16. Bd4 Qf6 17. Bxe5 Qxe5 18. Rd3 Qc5 19. Na4 Qb4 20. b3 Ne5 21. Rd2 Bg4 22. Qe3 Rad8 23. Rxd8 Rxd8 24. h3 Bf3 25. Nb2 Bxg2 26. Kxg2 Rd4 27. Nc4 Rd3 28. Qe2 Qc3 29. Nxe5 Qxe5 30. Qxd3 Qxa1 31. Qd8+ Kg7 32. Qa5 Qd4 33. Qe1 c5 34. Kf3 b5 35. Qe3 Qd1+ 36. Kf4 Qc2 37. Ke5 Qxa2 38. Kd5 Qc2 39. h4 h5 40. f4 a5 41. f5 a4 42. bxa4 Qc4+ 43. Kc6 bxa4 44. fxg6 Qa6+ 45. Kd5 Qb7+ 46. Kd6 Qb6+ 47. Kd7 Qe6+ 48. Kc7 Qe5+ 49. Kc6 fxg6 50. Kb5 Qb8+ 51. Kc6 Qa8+ 52. Kb6 a3 53. Qc3+ Kh7 54. Qf6 Qg8 55. Kxc5 Qg7 56. Qa6 Qe5+ 57. Kb4 Qb2+ 58. Ka4 0-1

[Event "VI Floripa Open 2020"]
[Site "Florianopolis"]
[Date "2020.01.20"]
[Round "1.37"]
[White "Do Valle Cardoso, Lucas"]
[Black "Araujo, Renan Aparecido"]
[Result "1-0"]
[ECO "C41"]
[WhiteElo "2228"]
[BlackElo "1903"]
[Annotator "ChessBase"]
[PlyCount "81"]
[EventDate "2020.01.20"]
[EventType "swiss"]
[EventRounds "10"]
[EventCountry "BRA"]
[SourceTitle "playchess.com"]
[Source "ChessBase"]
[SourceQuality "1"]
[TimeControl "5400+30"]

1. e4 e5 2. Nf3 Qe7 3. Nc3 c6 4. d4 d6 5. a4 Nf6 6. Bg5 h6 7. Bh4 g6 8. Bc4 Bg7 9. O-O O-O 10. Re1 Bg4 11. dxe5 dxe5 12. h3 Bxf3 13. Qxf3 Nbd7 14. Nd1 Nc5 15. Ne3 Ne6 16. c3 Ng5 17. Bxg5 hxg5 18. a5 Rad8 19. b4 Rd7 20. Bf1 Rfd8 21. Reb1 a6 22. Nc4 Nh5 23. g3 Qf6 24. Qe3 Kh7 25. Nb6 Rd6 26. Nc4 R6d7 27. Be2 Bh6 28. Qc5 Bg7 29. Rd1 Qe6 30. Rxd7 Qxd7 31. Rd1 Qc7 32. Rxd8 Qxd8 33. Nxe5 Qf6 34. Nf3 Qxc3 35. Nxg5+ Kg8 36. Qe7 Qf6 37. Qe8+ Bf8 38. Bc4 Qe7 39. Bxf7+ Kg7 40. Ne6+ Kf6 41. e5+ 1-0

[Event "VI Floripa Open 2020"]
[Site "Florianopolis"]
[Date "2020.01.20"]
[Round "1.38"]
[White "Almeida, Heidy Jose Moreira D"]
[Black "Brito, Luismar"]
[Result "1/2-1/2"]
[ECO "B80"]
[WhiteElo "1897"]
[BlackElo "2227"]
[Annotator "ChessBase"]
[PlyCount "90"]
[EventDate "2020.01.20"]
[EventType "swiss"]
[EventRounds "10"]
[EventCountry "BRA"]
[SourceTitle "playchess.com"]
[Source "ChessBase"]
[SourceQuality "1"]
[TimeControl "5400+30"]

1. e4 c5 2. Nf3 d6 3. d4 cxd4 4. Nxd4 Nf6 5. Nc3 a6 6. Be3 e6 7. f3 Be7 8. Qd2 Qc7 9. g4 Nc6 10. h4 Nd7 11. g5 Nde5 12. Qg2 Na5 13. O-O-O Nac4 14. Bxc4 Nxc4 15. Rd3 Bd7 16. f4 Qb6 17. Nd1 Rc8 18. Nxe6 Nxe3 19. Nxg7+ Kf8 20. Nxe3 Bb5 21. Nd5 Bxd3 22. Nxb6 Rxc2+ 23. Qxc2 Bxc2 24. Kxc2 Kxg7 25. Nd5 Bd8 26. f5 f6 27. Rg1 Kf7 28. g6+ hxg6 29. fxg6+ Kg8 30. Rg4 Rh5 31. Ne3 d5 32. exd5 Bb6 33. Kd3 Bxe3 34. Kxe3 Rxd5 35. Rd4 Rb5 36. Rd7 Rxb2 37. Kf4 Rb4+ 38. Kf5 Rxh4 39. Rd8+ Kg7 40. Rd7+ Kg8 41. Rxb7 a5 42. Ra7 Rh2 43. Kxf6 Rf2+ 44. Kg5 Rg2+ 45. Kf6 Rf2+ 1/2-1/2

[Event "VI Floripa Open 2020"]
[Site "Florianopolis"]
[Date "2020.01.20"]
[Round "1.39"]
[White "Torres, Federico"]
[Black "Resende, Paulo Sergio De"]
[Result "1-0"]
[ECO "B10"]
[WhiteElo "2223"]
[BlackElo "1897"]
[Annotator "ChessBase"]
[PlyCount "83"]
[EventDate "2020.01.20"]
[EventType "swiss"]
[EventRounds "10"]
[EventCountry "BRA"]
[SourceTitle "playchess.com"]
[Source "ChessBase"]
[SourceQuality "1"]
[TimeControl "5400+30"]

1. e4 c6 2. d3 g6 3. g3 Bg7 4. Bg2 d5 5. Nd2 e5 6. Ngf3 Bg4 7. h3 Be6 8. O-O Ne7 9. Re1 d4 10. Nb3 h6 11. c3 Na6 12. cxd4 exd4 13. Bd2 O-O 14. Rc1 Qb6 15. Qc2 Rfc8 16. Na5 Nb4 17. Bxb4 Qxb4 18. Nc4 b5 19. a3 Qc5 20. b4 Qh5 21. g4 Bxg4 22. hxg4 Qxg4 23. Ncd2 g5 24. Qc5 Rc7 25. Nb3 Rd8 26. Nbd2 h5 27. Qxg5 Qxg5 28. Nxg5 Ng6 29. Nh3 Bh6 30. f4 Nxf4 31. Nxf4 Bxf4 32. Rc2 f6 33. Kh1 Kf7 34. Rf1 Bd6 35. Nf3 Ke7 36. Nxd4 Be5 37. Nxc6+ Kd6 38. Nxe5 Rxc2 39. Nf7+ Ke7 40. Nxd8 Kxd8 41. Rxf6 Ke7 42. Rh6 1-0

[Event "VI Floripa Open 2020"]
[Site "Florianopolis"]
[Date "2020.01.20"]
[Round "1.40"]
[White "Cardoso, Marcio De Lucca"]
[Black "Cordeiro, Marco Aurelio Zaror"]
[Result "0-1"]
[ECO "A48"]
[WhiteElo "1896"]
[BlackElo "2217"]
[Annotator "ChessBase"]
[PlyCount "86"]
[EventDate "2020.01.20"]
[EventType "swiss"]
[EventRounds "10"]
[EventCountry "BRA"]
[SourceTitle "playchess.com"]
[Source "ChessBase"]
[SourceQuality "1"]
[TimeControl "5400+30"]

1. d4 Nf6 2. Nf3 g6 3. Bf4 Bg7 4. e3 d6 5. Be2 c5 6. c3 b6 7. h3 O-O 8. O-O Bb7 9. Nbd2 Nbd7 10. Rc1 Re8 11. Bh2 Qc7 12. Bd3 e5 13. e4 exd4 14. cxd4 Nxe4 15. Bxe4 Bxe4 16. dxc5 Nxc5 17. Nxe4 Rxe4 18. Bxd6 Qc6 19. Rc2 Rae8 20. a3 h6 21. Bxc5 bxc5 22. b4 Qa4 23. bxc5 Qxa3 24. c6 Qe7 25. Qd5 Qc7 26. g3 Rb4 27. Rd1 Re7 28. Qd8+ Bf8 29. Rd7 Rxd7 30. Qxd7 Bd6 31. Re2 Rb8 32. Nd4 a6 33. Qxc7 Bxc7 34. Kg2 Kf8 35. Kf3 a5 36. Ke4 Ke7 37. Kd5+ Kd8 38. Ra2 g5 39. g4 Rb1 40. Ra3 Bb6 41. f4 Rd1 42. Ra4 Kc7 43. Ke4 Rxd4+ 0-1

[Event "VI Floripa Open 2020"]
[Site "Florianopolis"]
[Date "2020.01.20"]
[Round "1.41"]
[White "De Lima, Alexsandro Barros"]
[Black "Mesquita, Guilherme"]
[Result "0-1"]
[ECO "B91"]
[WhiteElo "2205"]
[BlackElo "1895"]
[Annotator "ChessBase"]
[PlyCount "100"]
[EventDate "2020.01.20"]
[EventType "swiss"]
[EventRounds "10"]
[EventCountry "BRA"]
[SourceTitle "playchess.com"]
[Source "ChessBase"]
[SourceQuality "1"]
[TimeControl "5400+30"]

1. e4 c5 2. Nf3 d6 3. d4 cxd4 4. Nxd4 Nf6 5. Nc3 a6 6. g3 Nc6 7. Bg2 e5 8. Nde2 Be7 9. Bg5 O-O 10. Bxf6 Bxf6 11. Nd5 Be7 12. O-O Be6 13. Qd2 Bxd5 14. Qxd5 Qb6 15. Rab1 Rac8 16. Qd2 Rfd8 17. Bh3 Rb8 18. Nc3 Nd4 19. Kg2 Qa5 20. Qd3 Bf8 21. a3 Qc5 22. Rfc1 g6 23. b4 Qc6 24. Nd5 Ne6 25. Rb3 Qb5 26. Qe3 Rbc8 27. a4 Qxa4 28. Nb6 Qc6 29. Nxc8 Rxc8 30. Bxe6 fxe6 31. Rd3 Qc4 32. c3 Bh6 33. f4 exf4 34. Qf3 fxg3 35. Re1 Rf8 36. Qxg3 Bf4 37. Qh3 g5 38. Rd4 Qa2+ 39. Kh1 Be5 40. Rd3 Rf2 41. Rg3 Bxg3 42. Qxg3 Qd2 43. Rg1 Kf7 44. Qh3 Ke7 45. Qg3 h6 46. h4 Kf6 47. hxg5+ hxg5 48. Qh3 g4 49. Qh4+ Kf7 50. Qh7+ Ke8 0-1

[Event "VI Floripa Open 2020"]
[Site "Florianopolis"]
[Date "2020.01.20"]
[Round "1.42"]
[White "Vieira, Jose Renato Braga S."]
[Black "Caetano, Ryan Wesley Da Costa"]
[Result "0-1"]
[ECO "D97"]
[WhiteElo "1891"]
[BlackElo "2202"]
[Annotator "ChessBase"]
[PlyCount "45"]
[EventDate "2020.01.20"]
[EventType "swiss"]
[EventRounds "10"]
[EventCountry "BRA"]
[SourceTitle "playchess.com"]
[Source "ChessBase"]
[SourceQuality "1"]
[TimeControl "5400+30"]

1. d4 Nf6 2. c4 g6 3. Nc3 d5 4. Nf3 Bg7 5. Qb3 dxc4 6. Qxc4 O-O 7. e4 a6 8. a4 b5 9. Qb3 bxa4 10. Rxa4 Bd7 11. Ra1 Nc6 12. Be3 Ng4 13. Rxa6 Rb8 14. Bb5 e5 15. d5 Nd4 16. Bxd4 exd4 17. Qa4 dxc3 18. Bxd7 cxb2 19. Ke2 b1=Q 20. Rxb1 Rxb1 21. Bxg4 Qb8 22. Rc6 Rb4 23. Qd1 0-1

[Event "VI Floripa Open 2020"]
[Site "Florianopolis"]
[Date "2020.01.20"]
[Round "1.43"]
[White "Frois, Vitor Amorim"]
[Black "Ribeiro, Regina"]
[Result "0-1"]
[ECO "B12"]
[WhiteElo "2200"]
[BlackElo "1890"]
[Annotator "ChessBase"]
[PlyCount "111"]
[EventDate "2020.01.20"]
[EventType "swiss"]
[EventRounds "10"]
[EventCountry "BRA"]
[SourceTitle "playchess.com"]
[Source "ChessBase"]
[SourceQuality "1"]
[TimeControl "5400+30"]

1. e4 c6 2. d4 d5 3. e5 Bf5 4. Nc3 e6 5. g4 Bg6 6. Nge2 Nd7 7. Nf4 Ne7 8. h4 h6 9. Nxg6 Nxg6 10. h5 Ne7 11. Bd3 c5 12. Nb5 Nc6 13. c3 cxd4 14. f4 dxc3 15. Nxc3 Be7 16. Bd2 Bh4+ 17. Kf1 a6 18. Qf3 Nc5 19. Bb1 Be7 20. Kg2 Qb6 21. b3 O-O-O 22. Rc1 Kb8 23. Qf2 Nd7 24. Qg3 Rc8 25. Na4 Qd8 26. a3 b5 27. Nc3 Nd4 28. Nd1 Rxc1 29. Bxc1 Ne2 30. Qe3 Nxc1 31. Qxc1 Qc8 32. Qd2 Qc6 33. Bd3 Rc8 34. b4 Nb6 35. Qf2 Bd8 36. Kg3 Nc4 37. a4 Qb6 38. axb5 Qxf2+ 39. Kxf2 axb5 40. Ke2 Bb6 41. Rc1 Kb7 42. Nc3 Kc6 43. Bxc4 bxc4 44. Ra1 Bd4 45. Kd2 Kb7 46. Ra2 Bxc3+ 47. Kxc3 f6 48. exf6 gxf6 49. Re2 Re8 50. Kd4 Kc6 51. Ra2 e5+ 52. fxe5 fxe5+ 53. Kc3 e4 54. Kd4 e3 55. b5+ Kxb5 56. Re2 0-1

[Event "VI Floripa Open 2020"]
[Site "Florianopolis"]
[Date "2020.01.20"]
[Round "1.44"]
[White "Zanghelini, Cristian Silnei"]
[Black "Carvalho, Guillermo"]
[Result "0-1"]
[ECO "C68"]
[WhiteElo "1890"]
[BlackElo "2198"]
[Annotator "ChessBase"]
[PlyCount "106"]
[EventDate "2020.01.20"]
[EventType "swiss"]
[EventRounds "10"]
[EventCountry "BRA"]
[SourceTitle "playchess.com"]
[Source "ChessBase"]
[SourceQuality "1"]
[TimeControl "5400+30"]

1. e4 e5 2. Nf3 Nc6 3. Bb5 a6 4. Bxc6 dxc6 5. d3 Bd6 6. Nbd2 Ne7 7. Qe2 Ng6 8. g3 Bh3 9. Nf1 f6 10. Ne3 Qd7 11. Bd2 O-O-O 12. O-O-O Qe7 13. Kb1 Bc5 14. Bc3 Rhe8 15. Rhe1 Kb8 16. Nd2 Be6 17. b3 Qd7 18. f3 Bg8 19. h4 Nf8 20. f4 exf4 21. gxf4 Ne6 22. Qg4 Nd4 23. Qxd7 Rxd7 24. Nec4 Bf7 25. e5 f5 26. Rf1 Ne6 27. Rde1 Bh5 28. Ne3 g6 29. Ndc4 Be7 30. Ng2 c5 31. Bd2 b6 32. Kb2 Kb7 33. a4 Bf8 34. Nce3 Bh6 35. Nd1 Nd4 36. Re3 Bf8 37. c3 Ne6 38. Kc2 Bh6 39. Ree1 Red8 40. Nb2 Bg4 41. Re3 Kc6 42. Ree1 Bh3 43. Re2 Rf7 44. Ref2 Kd7 45. Rh1 Bxg2 46. Rxg2 Bxf4 47. h5 Bxd2 48. hxg6 hxg6 49. Kxd2 g5 50. Ke3 Ke7 51. Rh6 g4 52. Nc4 f4+ 53. Ke4 g3 0-1

[Event "VI Floripa Open 2020"]
[Site "Florianopolis"]
[Date "2020.01.20"]
[Round "1.45"]
[White "Curi, Gabriel"]
[Black "Borges, Leonardo Hisao Herai"]
[Result "1-0"]
[ECO "D87"]
[WhiteElo "2180"]
[BlackElo "1890"]
[Annotator "ChessBase"]
[PlyCount "67"]
[EventDate "2020.01.20"]
[EventType "swiss"]
[EventRounds "10"]
[EventCountry "BRA"]
[SourceTitle "playchess.com"]
[Source "ChessBase"]
[SourceQuality "1"]
[TimeControl "5400+30"]

1. d4 Nf6 2. c4 g6 3. Nc3 d5 4. cxd5 Nxd5 5. e4 Nxc3 6. bxc3 Bg7 7. Bc4 O-O 8. Ne2 c5 9. Be3 Nc6 10. h4 Qc7 11. Rc1 Rd8 12. h5 Ne5 13. Bb3 c4 14. Bc2 Ng4 15. hxg6 hxg6 16. Bf4 Qa5 17. Qd2 e5 18. Bg5 f6 19. Be3 Nxe3 20. Qxe3 exd4 21. Nxd4 Qxa2 22. O-O Qa5 23. f4 Qc5 24. Rb1 a6 25. Qg3 g5 26. e5 gxf4 27. Qxf4 Qxe5 28. Qh4 Qe3+ 29. Rf2 Qg5 30. Qh7+ Kf7 31. Rb6 Re8 32. Rbxf6+ Ke7 33. Rf7+ Kd8 34. Qxg7 1-0

[Event "VI Floripa Open 2020"]
[Site "Florianopolis"]
[Date "2020.01.20"]
[Round "1.46"]
[White "Morgado, Leandro Batista"]
[Black "Lemos, Dawton Almino"]
[Result "0-1"]
[ECO "D04"]
[WhiteElo "1888"]
[BlackElo "2179"]
[Annotator "ChessBase"]
[PlyCount "66"]
[EventDate "2020.01.20"]
[EventType "swiss"]
[EventRounds "10"]
[EventCountry "BRA"]
[SourceTitle "playchess.com"]
[Source "ChessBase"]
[SourceQuality "1"]
[TimeControl "5400+30"]

1. d4 Nf6 2. Nf3 d5 3. e3 c5 4. Ne5 Nc6 5. f4 Bf5 6. c3 e6 7. Be2 Bd6 8. Nd2 Ne4 9. O-O O-O 10. g4 Nxd2 11. Bxd2 Be4 12. Be1 f6 13. Nxc6 bxc6 14. Bg3 Rb8 15. b3 Qa5 16. Be1 e5 17. Bf3 Bxf3 18. Qxf3 Qb6 19. Bf2 cxd4 20. cxd4 exf4 21. exf4 Rfe8 22. Rfe1 Bb4 23. Re2 Qa6 24. Rxe8+ Rxe8 25. Rc1 Re4 26. a4 Bd2 27. Rc2 Rxf4 28. Qd1 Bb4 29. h3 Re4 30. Qf3 Qc8 31. Qd3 f5 32. gxf5 Qxf5 33. Rxc6 Rg4+ 0-1

[Event "VI Floripa Open 2020"]
[Site "Florianopolis"]
[Date "2020.01.20"]
[Round "1.47"]
[White "Zampronha, Wladimir Camilo"]
[Black "Barbosa, Flavio Novais"]
[Result "1-0"]
[ECO "C11"]
[WhiteElo "2179"]
[BlackElo "1885"]
[Annotator "ChessBase"]
[PlyCount "81"]
[EventDate "2020.01.20"]
[EventType "swiss"]
[EventRounds "10"]
[EventCountry "BRA"]
[SourceTitle "playchess.com"]
[Source "ChessBase"]
[SourceQuality "1"]
[TimeControl "5400+30"]

1. e4 e6 2. d4 d5 3. Nc3 Nf6 4. e5 Nfd7 5. f4 c5 6. Nf3 Nc6 7. Be3 cxd4 8. Nxd4 Bc5 9. Qd2 a6 10. O-O-O Qc7 11. h4 Nxd4 12. Bxd4 b5 13. Rh3 Bxd4 14. Qxd4 Qc5 15. Qd2 O-O 16. Rg3 f6 17. exf6 Rxf6 18. Re3 Nb6 19. Re5 Qf8 20. g3 b4 21. Nb1 Bd7 22. Qd4 Na4 23. Nd2 Nc5 24. Rde1 Rc8 25. Bh3 Qf7 26. h5 a5 27. Kb1 Ba4 28. b3 Bd7 29. R1e3 Bb5 30. f5 Qxh5 31. g4 Qf7 32. g5 Qh5 33. Bg4 Qxg5 34. fxe6 Rf4 35. Qxc5 Qxg4 36. Qxc8+ Rf8 37. Qc5 Qd1+ 38. Kb2 Qxd2 39. e7 Re8 40. Qxd5+ Qxd5 41. Rxd5 1-0

[Event "VI Floripa Open 2020"]
[Site "Florianopolis"]
[Date "2020.01.20"]
[Round "1.49"]
[White "De Oliveira, Gustavo Alfredo Bue"]
[Black "Moro, Antonio Renato Perei"]
[Result "1-0"]
[ECO "D02"]
[WhiteElo "2176"]
[BlackElo "1880"]
[Annotator "ChessBase"]
[PlyCount "113"]
[EventDate "2020.01.20"]
[EventType "swiss"]
[EventRounds "10"]
[EventCountry "BRA"]
[SourceTitle "playchess.com"]
[Source "ChessBase"]
[SourceQuality "1"]
[TimeControl "5400+30"]

1. d4 Nc6 2. Nf3 d5 3. Bf4 Bf5 4. e3 a6 5. c4 e6 6. Nc3 Bb4 7. Be2 Nf6 8. O-O O-O 9. Nh4 Be4 10. f3 Bg6 11. Nxg6 hxg6 12. Qb3 Nh5 13. Be5 Bxc3 14. Qxc3 f6 15. Bg3 Nxg3 16. hxg3 Qd6 17. Kf2 Ne7 18. Rh1 c6 19. Rac1 Kf7 20. Bd3 Rh8 21. Qb3 Rxh1 22. Rxh1 b5 23. cxd5 cxd5 24. Rc1 Rc8 25. Rxc8 Nxc8 26. Bxg6+ Ke7 27. Qc2 Nb6 28. Bd3 Kd7 29. Be2 Nc4 30. b3 Na3 31. Qh7 Qf8 32. f4 Kd6 33. Bf3 b4 34. Be2 a5 35. Bf3 Nb5 36. Qd3 Qe8 37. Be2 Nc3 38. Qa6+ Qc6 39. Qxa5 Ne4+ 40. Kf3 Nd2+ 41. Kg4 f5+ 42. Kh4 Qc3 43. Qd8+ Kc6 44. Qe8+ Kc7 45. Qe7+ Kb8 46. Qd6+ Kb7 47. Qa6+ Kc7 48. Qxe6 Ne4 49. Qe7+ Kb6 50. Qd8+ Ka7 51. Qa5+ Kb7 52. Qxd5+ Kc7 53. Qxf5 Qxe3 54. Bf3 g5+ 55. fxg5 Nd6 56. Qe5 Qc1 57. Qc5+ 1-0

[Event "VI Floripa Open 2020"]
[Site "Florianopolis"]
[Date "2020.01.20"]
[Round "1.50"]
[White "Madeu, Fernando Antonio de "]
[Black "Sztokbant, Bernardo Vainzoff"]
[Result "0-1"]
[ECO "B44"]
[WhiteElo "1879"]
[BlackElo "2175"]
[Annotator "ChessBase"]
[PlyCount "102"]
[EventDate "2020.01.20"]
[EventType "swiss"]
[EventRounds "10"]
[EventCountry "BRA"]
[SourceTitle "playchess.com"]
[Source "ChessBase"]
[SourceQuality "1"]
[TimeControl "5400+30"]

1. e4 c5 2. Nf3 e6 3. d4 cxd4 4. Nxd4 Nc6 5. c4 Nf6 6. Nc3 Bb4 7. Nxc6 bxc6 8. Bd3 e5 9. O-O O-O 10. Be3 d6 11. Rc1 Rb8 12. b3 Ng4 13. Bd2 Qh4 14. h3 Nh6 15. Qf3 f5 16. Qg3 Qf6 17. f4 exf4 18. Qxf4 Qd4+ 19. Qe3 Qe5 20. Kh1 Be6 21. exf5 Qxe3 22. Bxe3 Bxf5 23. Ne4 Bxe4 24. Bxe4 Rbe8 25. Rxf8+ Kxf8 26. Bxh6 Rxe4 27. Rf1+ Kg8 28. Bf4 Re2 29. Rd1 Rxa2 30. Bxd6 Bc3 31. Rf1 Bf6 32. Rf3 a5 33. Bc5 Ra1+ 34. Kh2 Be5+ 35. g3 h5 36. Kg2 Rb1 37. Re3 Bf6 38. Kf3 Kf7 39. Ke4 Ke6 40. Bd4 Bg5 41. Rd3 Bh6 42. Be3 Re1 43. Kf3 Bxe3 44. Rxe3+ Rxe3+ 45. Kxe3 Ke5 46. Kd3 g6 47. h4 c5 48. Ke3 Kf5 49. Kf3 g5 50. hxg5 Kxg5 51. Kf2 Kf6 0-1

[Event "VI Floripa Open 2020"]
[Site "Florianopolis"]
[Date "2020.01.20"]
[Round "1.52"]
[White "Soares, Renan Barbosa Montei"]
[Black "Burgos, Marcelo Alves"]
[Result "0-1"]
[ECO "E97"]
[WhiteElo "1876"]
[BlackElo "2171"]
[Annotator "ChessBase"]
[PlyCount "86"]
[EventDate "2020.01.20"]
[EventType "swiss"]
[EventRounds "10"]
[EventCountry "BRA"]
[SourceTitle "playchess.com"]
[Source "ChessBase"]
[SourceQuality "1"]
[TimeControl "5400+30"]

1. d4 Nf6 2. c4 g6 3. Nc3 Bg7 4. e4 d6 5. Nf3 O-O 6. Be2 e5 7. O-O Nc6 8. d5 Ne7 9. Nd2 a5 10. Rb1 Bd7 11. b3 c6 12. Ba3 c5 13. Nb5 Ne8 14. g4 f5 15. gxf5 gxf5 16. Kh1 Ng6 17. Rg1 Nf4 18. Rg3 Rf6 19. Bf3 Rh6 20. exf5 Qh4 21. Qg1 Bxf5 22. Re1 Rg6 23. Bg2 Bh6 24. Nf3 Qf6 25. Nc3 Nd3 26. Re2 Bf4 27. Rxg6+ hxg6 28. Ne4 Qe7 29. Ne1 Nxe1 30. Rxe1 Nf6 31. f3 Bxe4 32. fxe4 Qh7 33. Bc1 Nh5 34. Bf3 Rf8 35. Bxh5 Qxh5 36. Rf1 g5 37. Bxf4 exf4 38. e5 dxe5 39. Qxc5 Qe2 40. Rf2 Qd1+ 41. Kg2 f3+ 42. Kh3 Qd3 43. Qe7 Qf5+ 0-1